AoeStats
← tilmanv

Lombardia

508724925Analyzed
4v4 RM · 9d ago on Sep 23, 2026· 56m 39s· 8 players
Game mode
Random Map
Map size
Large (8 player)
Population
200
Speed
Normal
Resources
Standard
Victory
Conquest
Starting age
Dark Age
Ending age
Imperial Age
RankedLock teamsTeams togetherTeam positionsShared explorationLock speedFull tech treeHidden civsTurbo modeCheats
Victory
Defeat
🇺🇸 Ethiopians · United States
1019
+15
🇦🇷 Japanese · Argentina
1003
+15
🇨🇳 Franks · China
993
+16
🇨🇷 Huns · Costa Rica
985
+16
🇩🇪 Teutons · Germany
1047
-17
🇮🇪 Danes · Ireland
1043
-18
🇨🇱 Burgundians · Chile
941
-14
🇺🇸 Franks · United States
936
-13
Depart
0:33 Loom
10:56 Feudal Age
12:14 Wheelbarrow
11:25 Double-Bit Axe
13:25 Town Watch
16:00 Castle Age
17:01 Bow Saw
22:58 Gold Mining
22:58 Stone Mining
24:45 Gold Shaft Mining
25:06 Hand Cart
30:21 Imperial Age
28:18 Town Patrol
29:48 Forging
29:44 Scale Barding Armor
31:37 Caravan
31:03 Cavalier
31:45 Husbandry
33:00 Iron Casting
32:45 Chain Barding Armor
32:33 Paladin
34:42 Blast Furnace
34:37 Conscription
35:36 Plate Barding Armor
34:24 Light Cavalry
40:36 Hoardings
40:05 Fletching
40:00 Treadmill Crane
40:30 Masonry
40:15 Murder Holes
41:22 Chemistry
40:42 Devotion
43:16 Masonry
43:11 Bodkin Arrow
43:16 Scale Mail Armor
43:43 Gambesons
43:58 Squires
43:43 Arson
44:25 Chivalry
43:46 Elite Throwing Axeman
44:17 Ordonnance Companies
45:18 Chain Mail Armor
48:36 Plate Mail Armor
48:07 Padded Archer Armor
52:34 Leather Archer Armor
56:03 Coinage
...
3:28 Loom
13:30 Feudal Age
15:28 Double-Bit Axe
18:07 Castle Age
15:55 Horse Collar
17:44 Gold Mining
19:59 Crossbowman
20:09 Crossbowman
22:01 Wheelbarrow
25:43 Gold Shaft Mining
25:31 Fletching
25:42 Padded Archer Armor
28:26 Hand Cart
32:52 Bow Saw
32:58 Bodkin Arrow
37:04 Leather Archer Armor
38:05 Stone Mining
43:23 Thumb Ring
45:51 Imperial Age
44:03 Caravan
46:08 Arbalester
46:51 Bracer
47:21 Ring Archer Armor
48:11 Chemistry
47:31 Ballistics
51:51 Stone Shaft Mining
54:54 Two-Man Saw
TheCakeCat
11:47 Feudal Age
12:11 Horse Collar
12:18 Double-Bit Axe
19:43 Castle Age
20:50 Bow Saw
20:52 Heavy Plow
22:10 Gold Mining
25:15 Bloodlines
25:13 Scale Barding Armor
26:42 Stone Mining
28:29 Wheelbarrow
28:37 Husbandry
31:27 Chain Barding Armor
31:07 Scale Mail Armor
31:20 Forging
32:35 Hand Cart
32:12 Pikeman
37:57 Imperial Age
38:04 Murder Holes
39:07 Chain Mail Armor
39:27 Iron Casting
38:44 Fletching
39:53 Conscription
40:09 Marauders
40:41 Town Watch
41:19 Elite Skirmisher
42:40 Gold Shaft Mining
43:19 Blast Furnace
42:15 Bodkin Arrow
42:20 Padded Archer Armor
42:47 Loom
43:05 Town Patrol
43:34 Halberdier
44:42 Ballistics
44:21 Elite Tarkan
47:14 Chemistry
47:46 Heavy Cavalry Archer
Tom
9:49 Feudal Age
10:18 Double-Bit Axe
11:10 Horse Collar
14:47 Scale Barding Armor
15:12 Bloodlines
16:44 Forging
21:13 Castle Age
20:06 Gold Mining
20:08 Stone Mining
22:29 Bow Saw
22:51 Husbandry
24:36 Iron Casting
29:27 Wheelbarrow
31:22 Hand Cart
32:57 Scale Mail Armor
32:49 Fletching
33:44 Gold Shaft Mining
38:11 Imperial Age
36:00 Treadmill Crane
36:31 Caravan
36:32 Loom
38:15 Chain Mail Armor
37:55 Bodkin Arrow
38:50 Squires
38:36 Arson
38:36 Gambesons
39:27 Plate Mail Armor
39:58 Blast Furnace
40:08 Two-Man Saw
39:11 Heavy Plow
39:45 Kataparuto
39:49 Conscription
40:23 Bracer
41:39 Ballistics
41:31 Masonry
41:16 Murder Holes
42:23 Chemistry
41:57 Elite Samurai
44:22 Padded Archer Armor
45:02 Elite Skirmisher
45:48 Thumb Ring
51:04 Leather Archer Armor
CryEngine3
16:02 Feudal Age
17:49 Double-Bit Axe
17:57 Gold Mining
21:28 Castle Age
19:40 Stone Mining
28:04 Bow Saw
38:19 Gold Shaft Mining
38:21 Scale Barding Armor
39:50 Forging
40:07 Pikeman
42:09 Chain Barding Armor
44:41 Iron Casting
44:48 Gambesons
50:14 Imperial Age
50:25 Scale Mail Armor
51:22 Chain Mail Armor
53:28 Plate Mail Armor
54:01 Blast Furnace
52:29 Halberdier
53:49 Squires
tilmanv
12:53 Feudal Age
14:41 Wheelbarrow
18:40 Castle Age
16:55 Gold Mining
18:14 Double-Bit Axe
18:24 Stone Mining
19:39 Bow Saw
19:56 Loom
25:57 Bloodlines
29:03 Hand Cart
31:47 Forging
34:49 Horse Collar
37:29 Iron Casting
37:00 Scale Barding Armor
36:55 Scale Mail Armor
37:05 Heavy Plow
39:56 Imperial Age
40:14 Cavalier
41:17 Conscription
42:58 Blast Furnace
42:53 Fortified Wall
43:43 Chemistry
43:04 Ballistics
43:10 Pikeman
43:51 Squires
43:36 Arson
43:46 Paladin
46:01 Chain Mail Armor
46:06 Chain Barding Armor
47:37 Plate Mail Armor
49:10 Halberdier
50:44 Plate Barding Armor
Alpha Robeeert
8:18 Loom
14:29 Feudal Age
15:12 Double-Bit Axe
16:06 Horse Collar
16:38 Gold Mining
17:29 Wheelbarrow
17:38 Stone Mining
21:33 Castle Age
19:58 Scale Mail Armor
19:48 Arson
21:15 Forging
21:18 Town Watch
22:43 Chain Mail Armor
23:14 Squires
25:19 Hand Cart
32:13 Town Patrol
33:23 Iron Casting
34:12 Ballistics
35:30 Bow Saw
35:50 Hamask
35:58 Hamask
40:24 Imperial Age
40:42 Scale Barding Armor
40:40 Padded Archer Armor
40:30 Fletching
42:14 Plate Mail Armor
42:47 Blast Furnace
42:12 Capped Ram
43:27 Caravan
46:42 Chemistry
46:36 Coinage
47:41 Hoardings
47:06 Elite Varangian Guard
52:03 Pikeman
54:04 Halberdier
55:26 Onager
GERMANICO7222
7:51 Loom
9:24 Double-Bit Axe
11:26 Feudal Age
12:48 Horse Collar
21:23 Scale Barding Armor
21:28 Forging
22:00 Bow Saw
21:42 Gold Mining
21:53 Heavy Plow
24:59 Castle Age
25:37 Cavalier
26:18 Husbandry
25:43 Light Cavalry
27:05 Wheelbarrow
27:08 Chain Barding Armor
28:10 Iron Casting
34:32 Scale Mail Armor
40:50 Crop Rotation
41:22 Two-Man Saw
41:01 Gold Shaft Mining
41:33 Hand Cart
41:03 Town Watch
41:29 Squires
41:14 Arson
43:30 Stone Mining
46:14 Imperial Age
45:10 Stone Shaft Mining
47:48 Plate Barding Armor
48:13 Blast Furnace
47:29 Chain Mail Armor
Connection lost

Rejoining the realm…

Still unreachable

The connection could not be restored.

Session expired

The server has moved on; the page needs a fresh start.